AoeStats
← Sinister Monster

African Clearing

510441826Analyzed
3v3 RM · 1d ago on Oct 1, 2026· 49m 37s· 6 players
Game mode
Random Map
Map size
Normal (6 player)
Population
200
Speed
Normal
Resources
Standard
Victory
Conquest
Starting age
Dark Age
Ending age
Imperial Age
RankedLock teamsTeams togetherTeam positionsShared explorationLock speedFull tech treeHidden civsTurbo modeCheats
Victory
Defeat
🇨🇦 Koreans · Canada
1013
+16
🇨🇦 Italians · Canada
1012
+16
🇨🇦 Spanish · Canada
993
+17
🇦🇷 Poles · Argentina
1065
-18
🇦🇷 Portuguese · Argentina
1045
-18
🇦🇷 Byzantines · Argentina
940
-13
Leeoku
15:28 Feudal Age
13:52 Loom
15:55 Double-Bit Axe
23:20 Castle Age
21:25 Horse Collar
23:25 Fletching
23:41 Crossbowman
24:19 Bodkin Arrow
25:29 Bow Saw
30:41 Scale Mail Armor
32:09 Forging
36:10 Heavy Plow
47:17 Imperial Age
45:02 Pikeman
49:12 Halberdier
Cavil
7:47 Loom
14:08 Feudal Age
14:45 Double-Bit Axe
20:12 Castle Age
19:47 Fletching
20:33 Scale Mail Armor
21:38 Crossbowman
23:36 Pikeman
24:24 Horse Collar
31:43 Bow Saw
32:23 Ballistics
34:43 Bodkin Arrow
34:14 Elite Skirmisher
35:03 Thumb Ring
36:24 Squires
38:20 Wheelbarrow
38:14 Forging
38:05 Padded Archer Armor
42:05 Imperial Age
40:00 Leather Archer Armor
40:00 Light Cavalry
41:36 Chain Mail Armor
42:35 Heavy Plow
44:32 Bracer
46:38 Bloodlines
47:07 Iron Casting
46:37 Scale Barding Armor
48:26 Ring Archer Armor
49:13 Chemistry
Sinister Monster
8:53 Loom
15:36 Feudal Age
18:09 Town Watch
20:54 Castle Age
19:33 Padded Archer Armor
21:19 Double-Bit Axe
21:35 Gold Mining
22:05 Stone Mining
22:29 Bow Saw
25:17 Horse Collar
27:17 Town Watch
27:53 Stone Mining
29:09 Bloodlines
31:04 Wheelbarrow
31:01 Fletching
31:42 Leather Archer Armor
33:08 Heavy Plow
33:59 Husbandry
33:20 Light Cavalry
34:27 Ballistics
34:45 Scale Barding Armor
34:51 Forging
35:39 Masonry
37:45 Town Patrol
38:03 Hand Cart
38:08 Bodkin Arrow
40:02 Chain Barding Armor
40:52 Murder Holes
44:16 Imperial Age
42:45 Iron Casting
45:57 Ring Archer Armor
45:15 Cavalier
46:45 Conscription
47:35 Supremacy
46:59 Hussar
48:57 Plate Barding Armor
49:22 Blast Furnace
48:24 Bracer
48:49 Paladin
JoaquinSel
4:03 Loom
13:07 Feudal Age
17:26 Castle Age
16:00 Double-Bit Axe
16:19 Town Watch
19:01 Bloodlines
20:25 Wheelbarrow
20:27 Husbandry
21:09 Scale Barding Armor
21:52 Horse Collar
24:29 Elite Skirmisher
25:01 Fletching
27:43 Padded Archer Armor
30:43 Leather Archer Armor
31:26 Bodkin Arrow
34:52 Chain Barding Armor
36:59 Bow Saw
37:40 Thumb Ring
40:46 Imperial Age
39:13 Hand Cart
39:08 Gold Mining
39:08 Stone Mining
39:49 Ballistics
39:43 Forging
42:16 Hoardings
42:07 Bracer
42:57 Iron Casting
42:37 Cavalier
43:34 Heavy Plow
44:41 Chemistry
44:30 Conscription
44:19 Scale Mail Armor
44:51 Light Cavalry
45:57 Siege Engineers
45:35 Winged Hussar
48:26 Crop Rotation
NachoC6196
4:33 Loom
12:54 Feudal Age
13:42 Double-Bit Axe
15:31 Bloodlines
26:39 Castle Age
25:29 Fletching
27:23 Husbandry
26:46 Elite Skirmisher
pborges36
15:53 Feudal Age
14:25 Loom
17:35 Double-Bit Axe
23:38 Castle Age
22:35 Horse Collar
28:13 Wheelbarrow
37:32 Heavy Plow
39:25 Elite Skirmisher
Connection lost

Rejoining the realm…

Still unreachable

The connection could not be restored.

Session expired

The server has moved on; the page needs a fresh start.